 Dungeon Crawl Stone Soup version 0.31-a0-851-g7ff8af7976 (webtiles) character file.

Game seed: 10929428496084171451

203811 CowFu the Fencer (level 17, -1/156 HPs)
             Began as a Minotaur Fighter on Oct 8, 2023.
             Was a High Priest of Nemelex Xobeh.
             Killed from afar by a will-o-the-wisp (54 damage)
             ... with a foxfire
             ... on level 2 of the Swamp.
             The game lasted 00:45:58 (26272 turns).

CowFu the Fencer (Minotaur Fighter)                Turns: 26272, Time: 00:45:59

Health: -1/156     AC: 30    Str: 24    XL:     17   Next: 99%
Magic:  15/22      EV: 22    Int:  6    God:    Nemelex Xobeh [*****.]
Gold:   1237       SH: 27    Dex: 27    Spells: 16/16 levels left

rFire   x . .        Z - +6 demon blade (flame)
rCold   . . .        V - +5 tower shield {AC+3}
rNeg    + . .        r - +0 plate armour
rPois   +            W - +3 crown of Dyrovepreva {rElec Int+2 SInv}
rElec   +            B - +2 ratskin cloak {*Rats rPois rN+ Str-1 Int-1 Dex+1}
rCorr   .            h - +0 pair of gloves
SInv    +            C - +1 pair of boots of Fetuqasm {Dex+6 Stlth+}
Will    +....        D - amulet of regeneration Stlth
                     L - +5 ring of evasion
HPRegen 1.26/turn    G - +6 ring of dexterity
MPRegen 0.18/turn

%: no passive effects
@: slowed, very slow
A: horns 2, retaliatory headbutt, low MP 1, heat vulnerability 1
}: 1/15 runes: serpentine
a: Renounce Religion, Draw Escape, Draw Destruction, Draw Summoning, Triple
Draw, Deal Four, Stack Five


You were on level 2 of the Swamp.
You worshipped Nemelex Xobeh.
Nemelex Xobeh was extremely pleased with you.
You visited 5 branches of the dungeon, and saw 28 of its levels.
You also visited: Sewer, Ossuary, Gauntlet and Volcano.

You collected 2207 gold pieces.
You spent 970 gold pieces at shops.

Inventory:

Hand Weapons
 a - the +11 falchion of Qaneicw {freeze, rC+ Int+7}
   (You found it on level 9 of the Dungeon)

   Int+7:     It affects your intelligence (+7).
   rC+:       It protects you from cold.
 Z - a +6 demon blade of flaming (weapon)
Missiles
 F - 2 throwing nets
Armour
 h - a +0 pair of gloves (worn)
 r - a +0 plate armour (worn)
 B - the +2 ratskin cloak (worn) {*Rats rPois rN+ Str-1 Int-1 Dex+1}
   (You found it on level 6 of the Dungeon)

   *Rats:     When the wearer is hurt, rats may emerge from it to assist them.
   Str-1:     It affects your strength (-1).
   Int-1:     It affects your intelligence (-1).
   Dex+1:     It affects your dexterity (+1).
   rPois:     It protects you from poison rN+: It protects you from negative
   energy.
 C - the +1 pair of boots of Fetuqasm (worn) {Dex+6 Stlth+}
   (You found it in a Gauntlet)

   Dex+6:     It affects your dexterity (+6).
   Stlth+:    It makes you more stealthy.
 V - a +5 tower shield of protection (worn)
 W - the +3 crown of Dyrovepreva (worn) {rElec Int+2 SInv}
   (You found it in a Gauntlet)

   Int+2:     It affects your intelligence (+2).
   rElec:     It insulates you from electricity.
   SInv:      It lets you see invisible.
Jewellery
 j - a ring of flight
 D - an amulet of regeneration (around neck)
 G - a +6 ring of dexterity (right hand)
 L - a +5 ring of evasion (left hand)
 O - a ring of positive energy
 P - the ring "Gugiyxt" {rElec rCorr Dex+2}
   (You found it in a Gauntlet)

   [ring of resist corrosion]

   Dex+2:     It affects your dexterity (+2).
   rElec:     It insulates you from electricity.
   rCorr:     It protects you from acid and corrosion.
 U - the ring "Tiusaockipe" {+Blink MP+9}
   (You found it in a Gauntlet)

   [ring of magical power]

   MP+9:      It affects your magic capacity (+9).
   +Blink:    It lets you blink.
 X - an amulet of reflection
Wands
 o - a wand of flame (60)
 s - a wand of digging (6)
 y - a wand of mindburst (14)
 J - a wand of iceblast (15)
 K - a wand of light (9)
 R - a wand of charming (8)
 S - a wand of polymorph (5)
Scrolls
 b - 2 scrolls of silence
 c - 2 scrolls of brand weapon
 e - 3 scrolls of torment
 f - 10 scrolls of identify
 k - 7 scrolls of noise
 l - 11 scrolls of teleportation
 m - a scroll of enchant weapon
 n - 6 scrolls of immolation
 q - 3 scrolls of fog
 t - 4 scrolls of poison
 v - 3 scrolls of vulnerability
 N - 4 scrolls of fear
 T - 4 scrolls of blinking
Potions
 d - 4 potions of might
 g - 3 potions of magic
 i - 5 potions of brilliance
 p - 5 potions of attraction
 u - 5 potions of ambrosia
 w - 2 potions of haste
 x - 7 potions of curing
 z - 7 potions of lignification
 A - 4 potions of invisibility
 H - 2 potions of enlightenment
 I - 2 potions of heal wounds
 M - 3 potions of resistance
 Q - 5 potions of cancellation
 Y - a potion of berserk rage


   Skills:
 + Level 15.0 Fighting
 - Level 20.0 Long Blades
 + Level 15.1 Armour
 + Level 14.6 Dodging
 + Level 15.0 Shields
 + Level 12.6 Invocations
 - Level 8.0 Evocations


You had 16 spell levels left.
You didn't know any spells.
Your spell library contained the following spells:

 Spells                   Type           Power      Damage    Failure   Level
 Apportation              Tloc           0%         N/A       100%        1
 Magic Dart               Conj           0%         1d3       100%        1
 Necrotise                Necr           0%         1d4       100%        1
 Sting                    Tmut/Pois      0%         1d3       100%        1
 Summon Small Mammal      Summ           0%         N/A       100%        1
 Blink                    Tloc           0%         N/A       100%        2
 Call Imp                 Summ           0%         N/A       100%        2
 Jinxbite                 Hex            0%         N/A       100%        2
 Lesser Beckoning         Tloc           0%         N/A       100%        2
 Momentum Strike          Conj/Tloc      0%         3d8       100%        2
 Poisonous Vapours        Pois/Air       0%         N/A       100%        2
 Static Discharge         Conj/Air       0%         2-2/arc   100%        2
 Sublimation of Blood     Necr           0%         N/A       100%        2
 Wereblood                Tmut           0%         N/A       100%        2
 Gell's Gravitas          Tloc           0%         N/A       100%        3
 Mephitic Cloud           Conj/Pois/Air  0%         N/A       100%        3
 Stone Arrow              Conj/Erth      0%         3d7       100%        3
 Teleport Other           Tloc           0%         N/A       100%        3
 Airstrike                Air            0%         2d(0-16)  100%        4
 Animate Armour           Summ/Erth      0%         N/A       100%        4
 Olgreb's Toxic Radiance  Pois           0%         N/A       100%        4
 Petrify                  Tmut/Erth      0%         N/A       100%        4
 Summon Ice Beast         Ice/Summ       0%         N/A       100%        4
 Summon Lightning Spire   Summ/Air       0%         N/A       100%        4
 Vhi's Electric Charge    Tloc/Air       0%         N/A       100%        4
 Alistair's Intoxication  Tmut/Pois      0%         N/A       100%        5
 Arcjolt                  Conj/Air       0%         1d10      100%        5
 Irradiate                Conj/Tmut      0%         3d11      100%        5
 Summon Mana Viper        Hex/Summ       0%         N/A       100%        5
 Monstrous Menagerie      Summ           0%         N/A       100%        7
 Summon Hydra             Summ           0%         N/A       100%        7
 Lehudib's Crystal Spear  Conj/Erth      0%         10d2      100%        8
 Maxwell's Capacitive Co  Air            0%         ∞         100%        8


Dungeon Overview and Level Annotations

Branches:
Dungeon (15/15)            Temple (0/1) D:6            Lair (5/5) D:9
  Swamp (2/4) Lair:2        Snake (4/4) Lair:2        Slime (0/5) Lair:5
    Orc (2/2) D:10            Elf (0/3) Orc:2        Vaults (0/5) D:13
 Depths (0/4) D:15          Sewer (visited)         Ossuary (visited)
Volcano (visited)         Gauntlet (visited)

Altars:
Ashenzari
Fedhas
Gozag
Hepliaklqana
Makhleb
Nemelex Xobeh
Qazlal
Sif Muna
Trog
Uskayaw
Xom
Yredelemnul
Zin
Jiyva
Lugonu

Shops:
D:1 *   D:5 (*   D:9 *   D:12 *(?[:   Orc:2 [***[   Snake:2 *   Snake:3 *
Snake:4 =::

Portals:
Abyss: Orc:2
Trove: D:14 (give 3 potions of resistance)
Ice
Cave: Swamp:2

Annotations:
D:7 2 transporters


Innate Abilities, Weirdness & Mutations

You have a pair of horns on your head.
You reflexively headbutt those who attack you in melee.
Your magical capacity is low. (-10% MP)
You are vulnerable to heat. (rF-)


Message History

The bunyip howls a warning cry!
You block the radroach's attack. x2; The eleionoma flows through the trees.
You block the radroach's attack. The radroach barely misses you.
You hear a chilling moan.
You hear an angry buzzing noise. x2
You hear a hideous shriek!
Things that are here:
a wand of iceblast (6); an eleionoma corpse You slice the radroach!!
You burn the radroach.
The radroach is severely wounded.
A nearby plant withers and dies. x6; You block the eleionoma's attack.
You block the radroach's attack. x2
You hit the radroach but do no damage.
The radroach is severely wounded.
A nearby plant withers and dies. x11; The eleionoma completely misses you.
You furiously retaliate!
You headbutt the eleionoma.
A will-o-the-wisp comes into view.
You block the radroach's attack. The radroach barely misses you.
You barely miss the radroach.
The radroach is severely wounded.
You block the eleionoma's attack.
The will-o-the-wisp gestures.
The will-o-the-wisp conjures some marshlight!
The radroach completely misses you. You block the radroach's attack.
A tyrant leech comes into view.
A foxfire comes into view.
You slice the eleionoma!! You burn the eleionoma.
The eleionoma is severely wounded.
A foxfire comes into view.
The eleionoma touches a tree and draws upon its vitality.
The eleionoma is healed.
The will-o-the-wisp gestures.
The will-o-the-wisp conjures some marshlight!
You block the radroach's attack. x2
The cyclops hits you but does no damage.
A foxfire comes into view.
You hit the radroach. You burn the radroach.
The radroach is almost dead.
The foxfire hits you!!! The fire burns you terribly!
You die...
Your body glows with a rainbow of weird colours and disappears.

,~**~~,*~*** ♣♣..♣♣...,,,,***
~,,,~,~,~,,** ♣♣~§~.♣...,~~,*,**
~~,~,~~,~~~,* ♣♣..~.~~..~,,,~,~,*
,~,,?..~,,,**♣♣.~~~♣.....,,,~,,~*
*,,.....,*** ♣~....~♣~..~,,,~,,*,
*,,..#.~♣* *♣.....~.~..~~,~,,*,
,~,......* ♣♣.♣.†......,,,,,,*,
,,,#.∩.#.♣♣♣♣♣~♣♣R..†~~..^,~~,,*~
*,,......♣♣♣~y§♣@v§§§P§~.,~~~~,*,
*,,♣.#.)~†~~.~xB♣C..§§~v.,~~~~,*,
*~~.....~~~~~~.~.~~..~v§§,,~~,,*,
**,.♣.~.~§~†§)....)....§.,,,,,,*,
**..♣~....~~♣~.~~~....§!,,,,,,*,
*....~~.~~♣♣†♣†♣~..v§§.,,~~,,,, *
*.....~...♣♣<..♣..~§w§P,~~~~,~, *
*♣.~~..~~♣♣...~.~.P~~~,,~~~~,,~ *
♣♣~.♣♣♣♣♣♣....~..?PP,,,,~~,,,~


You could see a bunyip, an eleionoma, a radroach, a tyrant leech, a cyclops
(misshapen) and a will-o-the-wisp.

Vanquished Creatures
  Nikola (Swamp:2)
  Rupert (D:13)
  Kirke (D:15)
  A frost giant (Swamp:2)
  3 nagarajas (Snake:4)
  2 orc warlords (Orc:2)
  2 ghouls (Swamp:2)
  A minotaur (Gauntlet)
  5 dire elephants
  A bunyip (Swamp:1)
  An ettin (Orc:2)
  The ghost of relicbr the Bewitcher, a journeyman SpDe of Dithmenos (Orc:2)
  Snorg (D:13)
  A fire dragon (Volcano)
  A great orb of eyes (Orc:2)
  A shambling mangrove (Swamp:2)
  2 salamander tyrants
  2 ogre magi
  8 hydras
  A centaur warrior (D:14)
  2 alligators (Swamp:2)
  A ghost crab (Swamp:1)
  7 anacondas
  A catoblepas (D:15)
  2 boulder beetles (D:15)
  13 naga warriors
  13 two-headed ogres
  A death yak (Lair:5)
  A tengu warrior (D:15)
  An orc high priest (Orc:2)
  A spectral dire elephant (Lair:5)
  15 naga sharpshooters
  Sonja (Orc:2)
  6 shock serpents
  A wretched star (Gauntlet)
  Amaemon (D:9)
  A fire crab (shapeshifter) (D:13)
  3 skeletal warriors (D:15)
  A skyshark (Snake:3)
  A spectral anaconda (Lair:5)
  2 spectral death yaks (Lair:5)
  A fire crab (Snake:4)
  2 goliath frogs (Swamp:1)
  5 naga ritualists
  2 salamander mystics
  A sea snake (Snake:2)
  3 swamp dragons (Swamp:1)
  An orange crystal statue (Gauntlet)
  3 necromancers (Lair:5)
  An obsidian statue (Lair:5)
  9 bog bodies
  8 orc knights (Orc:2)
  A wolf spider (D:15)
  4 deep elf pyromancers
  4 lindwurms (Volcano)
  12 mana vipers
  A harpy (Snake:3)
  5 orc sorcerers (Orc:2)
  A faun (Snake:2)
  15 ugly things
  10 cyclopes
  A faun (shapeshifter) (D:13)
  3 manticores (D:14)
  2 worldbinders (Orc:2)
  34 elephants
  7 salamanders
  Joseph (D:9)
  A dire elephant zombie (Lair:5)
  28 black mambas
  5 guardian serpents
  13 cane toads
  2 gargoyles
  Maggie (D:7)
  12 naga magi
  A smoke demon (Volcano)
  An orange demon (D:9)
  A torpor snail (Swamp:2)
  3 kobold demonologists (D:12)
  A hellion (Orc:2)
  Jeremiah (D:6)
  A rime drake (Lair:3)
  7 komodo dragons
  2 unseen horrors
  A tengu conjurer (D:14)
  An efreet (D:13)
  6 trolls
  A meliai (shapeshifter) (Orc:2)
  A queen bee (shapeshifter) (D:14)
  3 meliai (D:12)
  A wolf spider simulacrum (D:14)
  A polar bear (D:14)
  A queen bee (D:12)
  2 tyrant leeches (Swamp:1)
  6 hornets
  A raiju (Orc:2)
  A raiju (shapeshifter) (D:14)
  12 blink frogs
  11 dream sheep (Lair:4)
  3 centaur simulacra (D:14)
  A spectral elephant (Lair:5)
  6 saltlings (Orc:2)
  2 slime creatures (D:15)
  A yak (shapeshifter) (D:13)
  A water elemental (D:14)
  A spriggan (Swamp:1)
  2 wyverns
  3 hogs (D:15)
  A wraith (D:10)
  38 yaks
  6 basilisks
  3 neqoxecs
  A fire bat (shapeshifter) (D:15)
  3 chaos spawn (Gauntlet)
  8 steam dragons
  18 vampire mosquitoes
  3 acid dragons
  33 nagas
  3 wargs
  A hell hound (Volcano)
  6 swamp worms
  A meliai simulacrum (D:14)
  23 water moccasins
  A hornet zombie (D:5)
  20 orc warriors
  A swamp drake (D:10)
  3 sky beasts
  A black bear (Snake:3)
  5 ice beasts
  8 ogres
  3 elephant skeletons (Lair:5)
  2 boggarts (D:15)
  11 wolves
  5 centaurs
  A phantom (D:6)
  2 small abominations (Gauntlet)
  2 kobold brigands
  A gnoll sergeant (D:8)
  11 bullfrogs
  A necrophage (Swamp:2)
  6 scorpions
  A cane toad simulacrum (Lair:5)
  5 wights
  An elephant simulacrum (Lair:5)
  26 killer bees
  3 howler monkeys (D:11)
  10 electric eels
  2 bullfrog zombies (Ossuary)
  3 centaur zombies (Ossuary)
  12 orc priests
  3 jellies
  A gnoll bouda (D:4)
  4 hounds
  Crazy Yiuf (D:2)
  2 iguanas
  6 scorpion zombies
  19 orc wizards
  6 hell rats
  2 ogre zombies (Ossuary)
  2 hound zombies (D:5)
  Robin (D:2)
  6 adders
  13 gnolls
  18 river rats
  A shadow imp (D:8)
  6 white imps
  2 ufetubi
  An adder zombie (Ossuary)
  5 worms
  A dart slug (D:3)
  59 orcs
  15 endoplasms
  4 giant cockroaches
  4 gnoll zombies (Ossuary)
  9 hobgoblins
  4 jackals (D:3)
  16 kobolds
  3 quokkas
  7 ball pythons
  6 bats
  3 frilled lizards
  15 goblins
  2 goblin zombies (Ossuary)
  4 hobgoblin zombies (Ossuary)
  2 orc zombies (Ossuary)
  16 rats
962 creatures vanquished.

Vanquished Creatures (collateral kills)
  Bai Suzhen (Snake:4)
  Vashnia (Snake:3)
  A nagaraja (Snake:4)
  3 naga sharpshooters (Snake:4)
  A naga ritualist (Snake:4)
  An elephant (Lair:1)
  4 guardian serpents (Snake:4)
  2 naga magi (Snake:4)
  A komodo dragon (Lair:3)
  A polar bear (D:14)
  A troll (Snake:3)
  A raiju (Snake:3)
  3 yaks
  A naga (Snake:4)
  A wolf (Snake:3)
  A boggart (D:15)
  2 orcs (Orc:2)
26 creatures vanquished.

Vanquished Creatures (others)
  A naga mage (Snake:4)
  2 bloated husks (Swamp:2)
  4 vampire mosquitoes (Swamp:2)
  A boggart (D:15)
  An orc wizard (D:9)
  A river rat (Volcano)
  An ufetubus (D:14)
  An orc (Orc:2)
12 creatures vanquished.

Grand Total: 1000 creatures vanquished

Notes
Turn   | Place    | Note
-------+----------+-------------------------------------------
     0 | D:1      | CowFu the Minotaur Fighter began the quest for the Orb.
     0 | D:1      | Reached XP level 1. HP: 19/19 MP: 0/0
    90 | D:1      | Found Hallyluk's General Store.
   408 | D:1      | Reached skill level 3 in Long Blades
   421 | D:1      | Reached XP level 2. HP: 19/26 MP: 1/1
  1031 | D:2      | Reached skill level 4 in Long Blades
  1265 | D:2      | Reached XP level 3. HP: 31/31 MP: 2/2
  1276 | D:2      | Noticed Robin
  1300 | D:2      | Killed Robin
  1301 | D:2      | Reached skill level 5 in Long Blades
  1467 | D:2      | Reached XP level 4. HP: 33/39 MP: 3/3
  1864 | D:2      | Found a runed translucent door.
  1865 | D:2      | Noticed Crazy Yiuf
  1872 | D:2      | Killed Crazy Yiuf
  1873 | D:2      | Reached skill level 6 in Long Blades
  2148 | D:3      | Found a glowing drain.
  2176 | Sewer    | Entered a sewer
  2203 | Sewer    | Reached XP level 5. HP: 45/45 MP: 4/4
  2600 | D:3      | Found a faded altar of an unknown god.
  2657 | D:3      | Found a blossoming altar of Fedhas.
  2720 | D:3      | Prayed at the altar of an unknown god.
  2720 | D:3      | Became a worshipper of Nemelex Xobeh the Trickster
  2720 | D:3      | Reached * piety under Nemelex Xobeh
  2784 | D:4      | Reached skill level 7 in Long Blades
  2829 | D:4      | Received a gift from Nemelex Xobeh
  2913 | D:4      | Reached XP level 6. HP: 33/51 MP: 5/5
  3026 | D:4      | Reached skill level 8 in Long Blades
  3042 | D:4      | Found a sand-covered staircase.
  3052 | Ossuary  | Entered an ossuary
  3136 | Ossuary  | Reached ** piety under Nemelex Xobeh
  3201 | Ossuary  | Reached skill level 9 in Long Blades
  3253 | Ossuary  | Reached XP level 7. HP: 26/57 MP: 6/6
  3261 | Ossuary  | HP: 2/57 [scorpion zombie (2)]
  3280 | Ossuary  | Reached skill level 10 in Long Blades
  3482 | Ossuary  | Noticed a silent spectre
  3721 | D:4      | Found a shimmering altar of Xom.
  3722 | D:4      | Found a hazy altar of Hepliaklqana.
  3722 | D:4      | Noticed a yak
  3723 | D:4      | Noticed a spectral ugly thing
  3723 | D:4      | Noticed a yak
  3723 | D:4      | Noticed a yak
  4009 | D:5      | Entered Level 5 of the Dungeon
  4035 | D:5      | Reached skill level 11 in Long Blades
  4035 | D:5      | Reached XP level 8. HP: 57/64 MP: 7/7
  4377 | D:5      | Found Gossi's Antique Weapon Shoppe.
  4388 | D:5      | Received a gift from Nemelex Xobeh
  4395 | D:5      | Reached skill level 12 in Long Blades
  4537 | D:5      | Found a basalt altar of Yredelemnul.
  4744 | D:5      | Found Welautz's CLEARANCE SALE!.
  4752 | D:5      | Bought a scroll of acquirement for 156 gold pieces
  4752 | D:5      | Bought a potion of curing for 9 gold pieces
  4752 | D:5      | Acquired the +3 hat of Mokab {rC- Dex+7}
  4824 | D:5      | Reached skill level 13 in Long Blades
  5099 | D:6      | Reached *** piety under Nemelex Xobeh
  5663 | D:6      | Found a burning altar of Makhleb.
  5671 | D:6      | Noticed Jeremiah
  5712 | D:6      | Killed Jeremiah
  5713 | D:6      | Reached skill level 14 in Long Blades
  5713 | D:6      | Reached skill level 1 in Dodging
  5713 | D:6      | Reached XP level 9. HP: 63/71 MP: 8/8
  5891 | D:6      | Found a staircase to the Ecumenical Temple.
  6056 | D:6      | Found the +2 ratskin cloak {*Rats rPois rN+ Str-1 Int-1
                  | Dex+1}
  6069 | D:6      | HP: 3/64 [hell rat (5)]
  6491 | D:7      | Noticed a two-headed ogre
  6502 | D:7      | Killed a two-headed ogre
  6503 | D:7      | Reached skill level 5 in Fighting
  6503 | D:7      | Reached skill level 5 in Armour
  6503 | D:7      | Reached skill level 5 in Shields
  6669 | D:7      | Identified the +5 falchion "Etavvaehiqo" {speed, Stlth+}
  6698 | D:7      | Noticed Maggie
  6708 | D:7      | Killed Maggie
  6844 | D:7      | Found a transporter.
  6845 | D:7      | Found a corrupted altar of Lugonu.
  6845 | D:7      | Noticed a brown ugly thing
  6845 | D:7      | Noticed a brown ugly thing
  6845 | D:7      | Noticed a red ugly thing
  6883 | D:7      | Reached XP level 10. HP: 83/83 MP: 9/9
  7109 | D:7      | Found a transporter.
  7798 | D:9      | Reached skill level 5 in Dodging
  8051 | D:9      | Reached skill level 1 in Invocations
  8059 | D:9      | Reached skill level 1 in Evocations
  8103 | D:9      | Found Aauclewu's Alliterative Armaments.
  8108 | D:9      | Bought a +0 falchion of flaming for 74 gold pieces
  8321 | D:9      | Found an opulent altar of Gozag.
  8481 | D:9      | Noticed an orange demon
  8481 | D:9      | Noticed Amaemon
  8491 | D:9      | Killed an orange demon
  8506 | D:9      | Killed Amaemon
  8639 | D:9      | Noticed a moth of wrath
  8642 | D:9      | Found a bloodstained altar of Trog.
  8662 | D:9      | Identified the +11 falchion of Qaneicw {freeze, rC+ Int+7}
  8665 | D:9      | Identified the +8 broad axe of Gagul Jaomo {freeze, Fragile
                  | rPois rCorr Str+4}
  8887 | D:9      | Found a staircase to the Lair.
  8905 | D:9      | Noticed Joseph
  8915 | D:9      | Killed Joseph
  8985 | D:9      | Reached **** piety under Nemelex Xobeh
  9115 | D:10     | Entered Level 10 of the Dungeon
  9133 | D:10     | Found a glowing silver altar of Zin.
  9160 | D:10     | Received a gift from Nemelex Xobeh
  9380 | D:10     | Found a broken altar of Ashenzari.
  9453 | D:10     | Found a shimmering blue altar of Sif Muna.
  9487 | D:10     | Reached XP level 11. HP: 94/94 MP: 12/12
  9664 | D:10     | Found a staircase to the Orcish Mines.
  9922 | D:11     | Noticed a two-headed ogre
  9928 | D:11     | Killed a two-headed ogre
  9943 | D:11     | Noticed a two-headed ogre
  9944 | D:11     | Noticed a two-headed ogre
  9945 | D:11     | Noticed a two-headed ogre
  9945 | D:11     | Noticed a two-headed ogre
  9946 | D:11     | Noticed an ogre mage
  9946 | D:11     | Noticed a two-headed ogre
  9949 | D:11     | Killed a two-headed ogre
  9952 | D:11     | Killed a two-headed ogre
  9958 | D:11     | Killed a two-headed ogre
  9968 | D:11     | Killed an ogre mage
  9973 | D:11     | Killed a two-headed ogre
  9977 | D:11     | Killed a two-headed ogre
 10232 | D:11     | Received a gift from Nemelex Xobeh
 10377 | D:12     | Found Fehiros's Armour Shop.
 10399 | D:12     | Bought a +2 buckler of cold resistance for 344 gold pieces
 10450 | D:12     | Reached ***** piety under Nemelex Xobeh
 10497 | D:12     | Noticed a red ugly thing
 10498 | D:12     | Found Susch's Assorted Antiques.
 10505 | D:12     | Killed a red ugly thing
 10548 | D:12     | Reached XP level 12. HP: 101/104 MP: 14/14
 10574 | D:12     | Reached skill level 5 in Invocations
 10692 | D:12     | Received a gift from Nemelex Xobeh
 10736 | D:12     | Found Iwkouvis's Magic Scroll Shop.
 10740 | D:12     | Bought a scroll of identify for 28 gold pieces
 10740 | D:12     | Bought a scroll of blinking for 105 gold pieces
 10740 | D:12     | Bought a scroll of teleportation for 42 gold pieces
 10906 | D:12     | Noticed a two-headed ogre
 10914 | D:12     | Killed a two-headed ogre
 10978 | D:12     | Found Emmacuh's Weapon Shoppe.
 11159 | D:12     | Found Plog's Book Emporium.
 11251 | D:12     | Reached skill level 5 in Evocations
 11391 | D:13     | Found a gate to the Vaults.
 11402 | D:13     | Reached skill level 10 in Fighting
 11402 | D:13     | Reached skill level 10 in Shields
 11406 | D:13     | Reached skill level 10 in Armour
 11544 | D:13     | Noticed Rupert
 11568 | D:13     | Killed Rupert
 11588 | D:13     | Identified the +5 robe "Hablew" {rN+ Str+2}
 11600 | D:13     | Noticed Snorg
 11612 | D:13     | Killed Snorg
 11964 | D:14     | Received a gift from Nemelex Xobeh
 12107 | D:14     | Reached XP level 13. HP: 114/114 MP: 16/16
 12158 | D:14     | Found a broken altar of Ashenzari.
 12229 | D:14     | Found a portal to a secret trove of treasure.
 12889 | D:15     | Entered Level 15 of the Dungeon
 12948 | D:15     | Received a gift from Nemelex Xobeh
 13224 | D:15     | Reached skill level 10 in Dodging
 13335 | D:15     | Noticed Kirke
 13359 | D:15     | Killed Kirke
 13388 | D:15     | Received a gift from Nemelex Xobeh
 13610 | D:15     | Found a stormy altar of Qazlal.
 13641 | D:15     | Found a staircase to the Depths.
 13641 | D:15     | Noticed a dire elephant
 13668 | D:15     | Killed a dire elephant
 13785 | D:15     | Reached XP level 14. HP: 124/125 MP: 17/19
 13929 | Lair:1   | Entered Level 1 of the Lair of Beasts
 14213 | Lair:1   | Received a gift from Nemelex Xobeh
 14362 | Lair:1   | Reached ****** piety under Nemelex Xobeh
 14539 | Lair:1   | Received a gift from Nemelex Xobeh
 14788 | Lair:2   | Found a staircase to the Snake Pit.
 14940 | Lair:2   | Found the +8 whip "Snakebite" {venom, curare, rPois}
 15280 | Lair:2   | Received a gift from Nemelex Xobeh
 15541 | Lair:2   | Found a staircase to the Swamp.
 15670 | Snake:1  | Entered Level 1 of the Snake Pit
 15746 | Lair:3   | Found a gate leading to a gauntlet.
 15771 | Gauntlet | Entered a Gauntlet
 15771 | Gauntlet | Found a transporter.
 15771 | Gauntlet | Found a transporter.
 15771 | Gauntlet | Received a gift from Nemelex Xobeh
 15777 | Gauntlet | Found a transporter.
 15777 | Gauntlet | Found a transporter.
 15786 | Gauntlet | Found a transporter.
 15809 | Gauntlet | Found a transporter.
 15815 | Gauntlet | Found a transporter.
 15815 | Gauntlet | Found a transporter.
 15819 | Gauntlet | Found a transporter.
 15846 | Gauntlet | Found a transporter.
 15853 | Gauntlet | Found a transporter.
 15876 | Gauntlet | Found a transporter.
 15912 | Gauntlet | Found a transporter.
 15937 | Gauntlet | Found a transporter.
 16030 | Gauntlet | Found a transporter.
 16044 | Gauntlet | Found a transporter.
 16047 | Gauntlet | Received a gift from Nemelex Xobeh
 16170 | Gauntlet | Gained mutation: Armour fits poorly on your strangely
                  | shaped body. [a neqoxec]
 16172 | Gauntlet | Gained mutation: Your body sometimes deteriorates upon
                  | taking damage. [a neqoxec]
 16185 | Gauntlet | Reached skill level 10 in Invocations
 16199 | Gauntlet | Identified the ring "Tiusaockipe" {+Blink MP+9}
 16245 | Gauntlet | Identified the +1 pair of boots of Fetuqasm {Dex+6 Stlth+}
 16292 | Gauntlet | Gained mutation: You are vulnerable to cold. (rC-) [a
                  | neqoxec]
 16326 | Gauntlet | Identified the ring "Gugiyxt" {rElec rCorr Dex+2}
 16331 | Gauntlet | Lost mutation: Your body often deteriorates upon taking
                  | damage. [potion of mutation]
 16331 | Gauntlet | Lost mutation: You are vulnerable to cold. (rC-) [potion of
                  | mutation]
 16331 | Gauntlet | Lost mutation: Armour fits poorly on your strangely shaped
                  | body. [potion of mutation]
 16331 | Gauntlet | Gained mutation: You are dopey. (Int -2) [potion of
                  | mutation]
 16332 | Gauntlet | Lost mutation: You are dopey. (Int -2) [potion of mutation]
 16333 | Gauntlet | Gained mutation: You passively dampen the noise of your
                  | surroundings. [potion of mutation]
 16333 | Gauntlet | Gained mutation: You are partially covered in iridescent
                  | scales. (AC +2) [potion of mutation]
 16334 | Gauntlet | Lost mutation: You passively dampen the noise of your
                  | surroundings. [potion of mutation]
 16334 | Gauntlet | Lost mutation: You are partially covered in iridescent
                  | scales. (AC +2) [potion of mutation]
 16334 | Gauntlet | Gained mutation: You are somewhat resistant to further
                  | mutation. [potion of mutation]
 16335 | Gauntlet | Lost mutation: You are somewhat resistant to further
                  | mutation. [potion of mutation]
 16335 | Gauntlet | Gained mutation: Your magical capacity is extremely low.
                  | (-30% MP) [potion of mutation]
 16393 | Gauntlet | Found the +3 crown of Dyrovepreva {rElec Int+2 SInv}
 16435 | Gauntlet | Identified the staff of Intimidation {rF- Int+7 Ice Earth}
 16763 | Lair:3   | Received a gift from Nemelex Xobeh
 17568 | Lair:4   | Received a gift from Nemelex Xobeh
 17602 | Lair:4   | Reached XP level 15. HP: 77/134 MP: 19/19
 17775 | Lair:4   | Identified the +1 ring mail of Jiliv {rElec rN+++ Will+
                  | Slay-5}
 17825 | Lair:4   | Received a gift from Nemelex Xobeh
 18141 | Lair:4   | Received a gift from Nemelex Xobeh
 18357 | Lair:5   | Entered Level 5 of the Lair of Beasts
 18374 | Lair:5   | Found a dark tunnel.
 18385 | Volcano  | Entered a volcano
 18427 | Volcano  | Received a gift from Nemelex Xobeh
 18447 | Volcano  | Gained mutation: You are vulnerable to heat. (rF-) [a
                  | neqoxec]
 18916 | Lair:5   | Reached skill level 15 in Long Blades
 19001 | Lair:5   | Identified the +10 storm dragon scales of Cocytus {rElec
                  | Int+3 Dex+2}
 19232 | Lair:5   | Reached skill level 16 in Long Blades
 19259 | Lair:5   | Found a staircase to the Slime Pits.
 19264 | Lair:5   | Found a viscous altar of Jiyva.
 19658 | Lair:5   | Identified the ring of Dief {Fire rElec rCorr Str-5 Stlth+}
 20064 | Orc:1    | Entered Level 1 of the Orcish Mines
 20074 | Orc:1    | Reached skill level 17 in Long Blades
 20340 | Orc:2    | Entered Level 2 of the Orcish Mines
 20344 | Orc:2    | Received a gift from Nemelex Xobeh
 20452 | Orc:2    | Found Edyuresi's Armour Shop.
 20455 | Orc:2    | Found a staircase to the Elven Halls.
 20498 | Orc:2    | Found a transporter.
 20528 | Orc:2    | Noticed Sonja
 20539 | Orc:2    | Killed Sonja
 20594 | Orc:2    | Reached XP level 16. HP: 58/141 MP: 20/20
 20691 | Orc:2    | Found Qoufefaps's General Store.
 20730 | Orc:2    | Reached skill level 18 in Long Blades
 20783 | Orc:2    | Found Ytogost's Armour Shoppe.
 20789 | Orc:2    | Bought a potion of curing for 51 gold pieces
 20789 | Orc:2    | Bought a scroll of teleportation for 51 gold pieces
 20838 | Orc:2    | Found Uceybrul's Assorted Antiques.
 20875 | Orc:2    | Found Pudegg's General Store.
 20940 | Orc:2    | Found a transporter.
 21014 | Orc:2    | Received a gift from Nemelex Xobeh
 21186 | Orc:2    | Found a one-way gate to the infinite horrors of the Abyss.
 21186 | Orc:2    | Noticed relicbr's ghost (journeyman SpDe)
 21227 | Orc:2    | Killed relicbr's ghost
 21489 | Snake:1  | Reached skill level 19 in Long Blades
 21884 | Snake:1  | Found a hide-covered altar of Uskayaw.
 21904 | Snake:1  | Received a gift from Nemelex Xobeh
 21951 | Snake:1  | Reached skill level 20 in Long Blades
 22626 | Snake:2  | Received a gift from Nemelex Xobeh
 22640 | Snake:2  | Found Cutticra's Gadget Gallery.
 22659 | Snake:2  | Noticed Agnes
 22662 | Snake:2  | Agnes changed into Agnes the faun
 22662 | Snake:2  | Noticed Agnes
 22665 | Snake:2  | Killed Agnes the faun
 23400 | Snake:3  | Received a gift from Nemelex Xobeh
 23405 | Snake:3  | Noticed Vashnia
 23435 | Snake:3  | Killed Vashnia
 23617 | Snake:3  | Received a gift from Nemelex Xobeh
 24016 | Snake:3  | Found Xalaar's General Store.
 24023 | Snake:3  | Bought a potion of resistance for 110 gold pieces
 24070 | Snake:3  | Reached XP level 17. HP: 149/151 MP: 22/22
 24495 | Snake:4  | Entered Level 4 of the Snake Pit
 24644 | Snake:4  | Received a gift from Nemelex Xobeh
 25015 | Snake:4  | Found Robreg's Jewellery Shoppe.
 25015 | Snake:4  | Found Qijor's Book Shop.
 25016 | Snake:4  | Found Ohohef's Book Shop.
 25294 | Snake:4  | Noticed Bai Suzhen
 25319 | Snake:4  | Killed Bai Suzhen
 25439 | Snake:4  | Got a serpentine rune of Zot
 25715 | Swamp:1  | Entered Level 1 of the Swamp
 26172 | Swamp:2  | Received a gift from Nemelex Xobeh
 26218 | Swamp:2  | Found a frozen archway.
 26219 | Swamp:2  | Noticed Nikola
 26232 | Swamp:2  | Killed Nikola
 26233 | Swamp:2  | Reached skill level 15 in Fighting
 26233 | Swamp:2  | Reached skill level 15 in Armour
 26241 | Swamp:2  | HP: 5/156 [torpor snail (7)]
 26267 | Swamp:2  | Reached skill level 15 in Shields
 26272 | Swamp:2  | Killed from afar by a will-o-the-wisp

Illustrated notes

Levels and vault maps discovered:
D:1:      minmay_arrival_cross, layout_basic, serial_shops,
          nicolae_shop_tiny_statue_garden
D:2:      layout_loops_ring, nicolae_titane, uniq_robin, uniq_crazy_yiuf_cottage
D:3:      layout_rooms, fedhas_altar_4, chequers_ecumenical_altar_grove,
          cheibrodos_sewer_entry_drain
D:4:      layout_gridville, regret_index_temple_of_mockery,
          nicolae_ossuary_entry_monument
D:5:      layout_cave_pools, nicolae_yredelemnul_corpse_copse, serial_shops,
          nicolae_shop_just_a_little_nook, nicolae_shop_clearance
D:6:      wander_guarded_unrand_ratskin, layout_basic,
          mainiacjoe_overflow_catwalk, minmay_temple_entry_statues_pillars,
          uniq_jeremiah
D:7:      gammafunk_corrupted_shrine, layout_basic, uniq_maggie
D:8:      layout_basic
D:9:      layout_stronghold, tgw_trog, lemuel_coloured_pillars_altar,
          lair_entry_dummy, monkooky_shop_alliterative, uniq_amaemon,
          uniq_joseph
D:10:     layout_cave_pools, mainiacjoe_overflow_24_doors, zin_statuary,
          nicolae_ashenzari_skybound, erik_orc_1, kennysheep_boxes
D:11:     layout_rooms
D:12:     layout_basic, serial_shops, shop, shop, shop, nicolae_shop_waterfront,
          nicolae_shop_bloodbath_and_beyond, special_room [special_room_bee]
D:13:     minmay_weird_star, layout_cave_pools, david_vaults_2, uniq_rupert,
          uniq_snorg
D:14:     layout_roguey, basic_altar, serial_ice, serial_ice_f, serial_ice_m,
          serial_ice_c, serial_ice_d, serial_ice_e, serial_ice_i, serial_ice_n,
          enter_trove_0
D:15:     hangedman_depths_entry_try_elsewhere_first, layout_rooms,
          nicolae_qazlal_eye_of_the_storm, uniq_kirke
Lair:1:   layout_gridlike
Lair:2:   minmay_guarded_unrand_snakebite, layout_small_grid,
          nicolae_swamp_entry_splash_gauntlet, guppyfry_snake_entry_garden
Lair:3:   layout_layer_cave, gauntlet_entry_generic,
          chequers_serial_rivers_micro_e, infiniplex_staircase_pool_2,
          serial_bayou_shore_a
Lair:4:   layout_gridlike, serial_bayou_crossing
Lair:5:   due_jungle_book, layout_regular_city, nicolae_slime_entry_slimehenge,
          nicolae_volcano_entry_lava_flow, grunt_megastairs_2, lemuel_fruit_tree
Swamp:1:  layout_falls_marsh, nicolae_swamp_orc_logging_accident
Swamp:2:  layout_falls_marsh, portal_ice_cave_entry_pillars_1,
          nicolae_swamp_some_circles, swamp_pool1,
          nicolae_swamp_bloodsuckers_inc, uniq_nikola
Snake:1:  layout_rooms, basic_altar, drop_trap, nicolae_snake_flat_spine
Snake:2:  layout_chambers, serial_bayou_pond_b, nicolae_shop_gadgets, uniq_agnes
Snake:3:  layout_chambers, serial_shops, shop, uniq_vashnia
Snake:4:  grunt_snake_rune_serpentine_throne, layout_onion_interference,
          grunt_megastairs_5, minmay_shop_grove, uniq_bai_suzhen
Orc:1:    layout_caves, mines2_david
Orc:2:    hellmonk_orc_salted, layout_caves, gammafunk_ghost_abyssal_escape,
          serial_shops, shop, lightli_orcish_oven, uniq_sonja

Skill      XL: |  1  2  3  4  5  6  7  8  9 10 11 12 13 14 15 16 17 |
---------------+----------------------------------------------------+-----
Long Blades    | 3 4 5 6 7 9 11 14 17 20 | 20.0
Fighting       | 4 6 7 9 10 11 12 13 15 | 15.0
Armour         | 4 6 7 9 10 11 12 13 15 | 15.1
Dodging        | 1 4 6 7 9 10 12 13 14 | 14.6
Shields        | 4 6 7 9 10 11 12 13 15 | 15.0
Invocations    | 2 4 6 8 10 11 12 | 12.6
Evocations     | 2 4 6 7 8 |  8.0

Action                     |  1- 3 |  4- 6 |  7- 9 | 10-12 | 13-15 | 16-18 || total
---------------------------+-------+-------+-------+-------+-------+-------++-------
  Melee: Long sword        |    77 |   205 |   337 |       |       |       ||   619
         Headbutt          |     7 |    37 |    74 |   124 |   366 |   210 ||   818
         Falchion          |       |       |    40 |   518 |   827 |       ||  1385
         Scimitar          |       |       |       |       |    25 |       ||    25
         Demon blade       |       |       |       |       |   418 |   807 ||  1225
 Invoke: Draw Destruction  |       |       |     1 |       |    25 |    28 ||    54
         Draw Escape       |       |       |     1 |       |       |     1 ||     2
         Draw Summoning    |       |       |       |       |     6 |    13 ||    19
         Deal Four         |       |       |       |       |       |     6 ||     6
    Use: Scroll            |       |       |    16 |    10 |     8 |     6 ||    40
         Potion            |       |       |     2 |     6 |     8 |     6 ||    22
   Stab: Distracted        |       |       |       |     1 |     2 |     1 ||     4
         Invisible         |       |       |       |     2 |       |       ||     2
         Petrified         |       |       |       |       |    19 |       ||    19
 Armour: Scale mail        |    49 |     8 |       |       |       |       ||    57
         Plate armour      |       |   172 |   261 |   275 |   439 |   347 ||  1494
         Skin              |       |       |    33 |       |       |       ||    33
  Dodge: Dodged            |    35 |    55 |    93 |   225 |   702 |   432 ||  1542
  Block: Buckler           |    19 |    55 |    64 |   167 |   468 |    87 ||   860
         Tower shield      |       |       |       |       |       |   809 ||   809

Table legend: (Time is in decaauts)
 A = Elapsed time spent in this place.
 B = Non-inter-level travel time spent in this place.
 C = Inter-level travel time spent in this place.
 D = Time resting spent in this place.
 E = Time spent auto-exploring this place.
 F = Levels seen in this place.
 G = Mean time per level.
                   A        B        C        D        E       F      G
               +--------+--------+--------+--------+--------+-----+--------+
         Total |  25518 |  24251 |   1267 |      4 |  18631 |  32 |  797.4 |
       Dungeon |  13030 |  12308 |    722 |      0 |   9666 |  15 |  868.7 |
          Lair |   4970 |   4648 |    322 |      0 |   3704 |   5 |  994.0 |
         Swamp |    613 |    611 |      2 |      0 |    358 |   2 |  306.5 |
     Snake Pit |   4098 |   3928 |    170 |      0 |   3139 |   4 | 1024.5 |
  Orcish Mines |   1190 |   1141 |     49 |      0 |    780 |   2 |  595.0 |
         Sewer |    184 |    184 |      0 |      0 |    129 |   1 |  184.0 |
       Ossuary |    475 |    475 |      0 |      0 |    310 |   1 |  475.0 |
       Volcano |    253 |    253 |      0 |      0 |    150 |   1 |  253.0 |
      Gauntlet |    703 |    703 |      0 |      4 |    392 |   1 |  703.0 |
               +--------+--------+--------+--------+--------+-----+--------+

Top non-repeatable levels by time:
     D:9: 1330 daAuts
     D:6: 1223 daAuts
 Snake:2: 1219 daAuts
  Lair:5: 1202 daAuts
 Snake:3: 1157 daAuts
 Snake:4: 1105 daAuts
     D:2: 1104 daAuts
  Lair:2: 1101 daAuts
  Lair:3: 1048 daAuts
     D:4: 962 daAuts
    D:12: 944 daAuts
     D:1: 928 daAuts
   Orc:2: 924 daAuts
     D:5: 905 daAuts
    D:14: 894 daAuts
